 Dungeon Crawl Stone Soup version 0.28.0-47-ge53b351184 (webtiles) character file.

Game seed: 15767380139223450457

3671 olmar the Basher (level 10, -6/63 HPs)
             Began as a Gargoyle Fighter on Apr 18, 2022.
             Was a Follower of Makhleb.
             Mangled by an orc warrior
             ... wielding a +0 halberd
              (11 damage)
             ... on level 8 of the Dungeon on May 1, 2022.
             The game lasted 00:18:15 (10954 turns).

olmar the Basher (Gargoyle Fighter)                Turns: 10954, Time: 00:18:15

Health: -6/63      AC: 18    Str: 25      XL:     10   Next: 13%
Magic:  10/10      EV: 10    Int:  5 (8)  God:    Makhleb [*.....]
Gold:   370        SH:  5    Dex:  9      Spells: 9/9 levels left

rFire   . . .      SeeInvis .   a - +1 flail
rCold   . . .      Faith    .   c - +0 buckler
rNeg    + . .      Spirit   .   t - +4 ring mail of Activism {rPois}
rPois   ∞          Reflect  .   (no helmet)
rElec   +          Harm     .   (no cloak)
rCorr   .          Rampage  .   (no gloves)
Will    .....                   (no boots)
Stlth   ..........              (no amulet)
HPRegen 0.20/turn               (no ring)
MPRegen 0.12/turn               (no ring)

@: no status effects
A: sickness immunity, AC +7, negative energy resistance 1, electricity
resistance, torment resistance 1, petrification resistance
a: Renounce Religion


You were on level 8 of the Dungeon.
You worshipped Makhleb.
Makhleb was aware of your devotion.
You visited 1 branch of the dungeon, and saw 8 of its levels.

You collected 370 gold pieces.

Inventory:

Hand Weapons
 a - a +1 flail (weapon)
 A - the +7 hunting sling "Puuf" {flame, rC++ Will+}
   (You found it on level 6 of the Dungeon)

   Any ammunition fired from it burns those it strikes, dealing additional fire
   damage.
   rC:        It greatly protects you from cold.
   Will:      It increases your willpower.
 I - a +0 spectral quarterstaff
Missiles
 i - an atropa-tipped dart (quivered)
 F - a throwing net
 J - 22 sling bullets
Armour
 b - a +0 scale mail
 c - a +0 buckler (worn)
 t - the +4 ring mail of Activism (worn) {rPois}
   (You found it on level 3 of the Dungeon)

   rPois:     It protects you from poison.
 x - a +0 kite shield
 D - a +0 tower shield
Jewellery
 f - a ring of ice
 w - a ring of ice
 z - an amulet of magic regeneration
Wands
 C - a wand of flame (33)
Scrolls
 g - a scroll of blinking
 k - a scroll of vulnerability {unknown}
 m - a scroll of fear {unknown}
 p - a scroll of silence {unknown}
 s - a scroll of fog {unknown}
 y - a scroll of acquirement {unknown}
 B - a scroll of amnesia {unknown}
 K - a scroll of immolation {unknown}
Potions
 d - 2 potions of mutation
 e - a potion of attraction
 l - a potion of lignification
 n - a potion of berserk rage
 r - a potion of magic
 v - a potion of brilliance


   Skills:
 + Level 7.1 Fighting
 + Level 9.7 Maces & Flails
 + Level 0.5 Throwing
 + Level 8.1 Armour
 - Level 0.1 Stealth
 + Level 6.4 Shields
 - Level 2.1 Evocations


You had 9 spell levels left.
You didn't know any spells.
Your spell library contained the following spells:

 Spells                   Type           Power      Damage    Failure   Level
 Blink                    Tloc           0%         N/A       83%         2
 Gell's Gravitas          Tloc           0%         N/A       96%         3
 Lesser Beckoning         Tloc           0%         N/A       96%         3
 Teleport Other           Tloc           0%         N/A       96%         3
 Manifold Assault         Tloc           0%         N/A       100%        5
 Storm Form               Tmut/Air       0%         N/A       100%        7


Dungeon Overview and Level Annotations

Branches:
Dungeon (8/15)             Temple (0/1) D:6
   Lair: D:8-11

Altars:
Ashenzari
Hepliaklqana
Makhleb
Qazlal
Vehumet

Portals:
Bailey: D:8

Annotations:
D:5 2 runed translucent doors, morgulsword's ghost, novice HOMo
D:7 3 runed translucent doors, AverageBear's ghost, novice DDFi; Crazy Yiuf


Innate Abilities, Weirdness & Mutations

You are immune to sickness and miasma.
Your stone body is resilient. (AC +7)
You are immune to poison.
You resist negative energy. (rN+)
You are resistant to electric shocks. (rElec)
You are resistant to unholy torment.
You are immune to petrification.


Message History

There is an open gate here.
Unknown command.
You hit the goblin.
The goblin is moderately wounded.
The killer bee stings you.
* * * LOW HITPOINT WARNING * * *
The killer bee closely misses you. You block the killer bee's attack.
The killer bee completely misses you. The goblin barely misses you.
The hobgoblin hits you but does no damage.
The orc hits you but does no damage.
The hobgoblin hits you but does no damage.
Unknown command.
You barely miss the goblin.
The goblin is moderately wounded.
The killer bee stings you but does no damage.
The killer bee barely misses you. You block the goblin's attack.
The killer bee stings you but does no damage.
You block the killer bee's attack.
Unknown command.
Unknown command.
Unknown command.
You barely miss the goblin.
The goblin is moderately wounded.
Your surroundings suddenly seem different.
An acid dragon comes into view.
Found 9 gold pieces.
The acid dragon roars!
You hear an angry buzzing noise.
Unknown command.
Unknown command.
Unknown command.
As you read the scroll of teleportation, it crumbles to dust.
You feel strangely unstable.
Unknown command.
Unknown command.
Okay, then.
Your surroundings suddenly seem different.
The orc warrior shouts!
The orc shouts!
The orc hits you but does no damage.
The orc warrior hits you with a +0 halberd!
You die...

*************
*,,,',,.#.,,*
*,,,*,,.',,,*
#############****,.#**##
.........#..######'##..#
.............o.........#
........o$.............#
................no.....#
................,*
,...,,,,,..............,*
..h.,,,,,,............,,*
...,,,,,,,,..........,,,*
.y.#**'*****#......#*****
,,.#,,,,,,,,#......#,,,*


You could see an orc warrior, a necrophage and 2 orcs.

Vanquished Creatures
  Harold (D:7)
  Joseph (D:7)
  Grum (D:8)
  A steam dragon (D:8)
  An ice beast (D:7)
  2 black bears
  A tengu (D:8)
  2 wolves (D:8)
  2 ogres
  3 centaurs
  2 wyvern zombies (D:6)
  3 bullfrogs
  2 water moccasin zombies (D:5)
  A wyvern skeleton (D:7)
  A water moccasin skeleton (D:4)
  2 howler monkeys
  An electric eel (D:6)
  3 bullfrog zombies (D:5)
  2 centaur zombies
  2 centaur skeletons
  4 hounds
  An orc priest (D:4)
  2 jellies (D:6)
  A bullfrog skeleton (D:5)
  A gnoll shaman (D:6)
  Natasha (thrice) (D:4)
  6 iguanas
  An orc wizard (D:8)
  A scorpion zombie (D:5)
  A hound zombie (D:5)
  A hound skeleton (D:5)
  2 howler monkey zombies
  A howler monkey skeleton (D:7)
  4 adders
  A shadow imp (D:5)
  A white imp (D:6)
  2 ufetubi
  An adder skeleton (D:4)
  3 worms
  2 dart slugs (D:1)
  10 orcs
  2 bats
  An endoplasm (D:4)
  5 goblins
  7 hobgoblins
  2 jackals (D:2)
  2 quokkas
  10 ball pythons
  2 frilled lizards (D:1)
  8 kobolds
  5 rats
127 creatures vanquished.

Notes
Turn   | Place    | Note
-------+----------+-------------------------------------------
     0 | D:1      | olmar the Gargoyle Fighter began the quest for the Orb.
     0 | D:1      | Reached XP level 1. HP: 14/14 MP: 1/1
   718 | D:1      | Reached XP level 2. HP: 19/19 MP: 2/2
  1215 | D:2      | Reached XP level 3. HP: 13/24 MP: 3/3
  2578 | D:3      | Found a broken altar of Ashenzari.
  2578 | D:3      | Found a stormy altar of Qazlal.
  2581 | D:3      | Found a burning altar of Makhleb.
  2597 | D:3      | Became a worshipper of Makhleb the Destroyer
  2641 | D:3      | Reached XP level 4. HP: 21/29 MP: 4/4
  3248 | D:3      | Found a hazy altar of Hepliaklqana.
  3272 | D:3      | Reached skill level 3 in Maces & Flails
  3332 | D:3      | Identified the +4 ring mail of Activism {rPois}
  3558 | D:4      | Reached XP level 5. HP: 32/33 MP: 5/5
  3749 | D:4      | Noticed an ogre
  3757 | D:4      | Killed an ogre
  3758 | D:4      | Reached skill level 4 in Maces & Flails
  4023 | D:4      | Reached XP level 6. HP: 38/38 MP: 6/6
  4144 | D:4      | Noticed Natasha
  4155 | D:4      | Killed Natasha
  4281 | D:4      | Reached * piety under Makhleb
  4323 | D:4      | Noticed Natasha
  4330 | D:4      | Killed Natasha
  4782 | D:5      | Entered Level 5 of the Dungeon
  4792 | D:5      | Reached skill level 5 in Maces & Flails
  5137 | D:4      | Noticed Natasha
  5147 | D:4      | Killed Natasha
  5148 | D:4      | Reached XP level 7. HP: 22/44 MP: 7/7
  5150 | D:4      | Reached skill level 5 in Armour
  6047 | D:4      | Reached skill level 6 in Maces & Flails
  6795 | D:5      | Found a runed translucent door.
  6800 | D:5      | Noticed morgulsword's ghost (novice HOMo)
  7175 | D:5      | Reached skill level 5 in Fighting
  7175 | D:5      | Reached XP level 8. HP: 49/49 MP: 8/8
  7312 | D:5      | Found a runed translucent door.
  8281 | D:6      | Reached skill level 7 in Maces & Flails
  8467 | D:6      | Found a staircase to the Ecumenical Temple.
  8487 | D:6      | Identified the +7 hunting sling "Puuf" {flame, rC++ Will+}
  8810 | D:7      | Noticed Harold
  8848 | D:6      | Reached skill level 5 in Shields
  9110 | D:7      | Reached XP level 9. HP: 32/55 MP: 9/9
  9312 | D:7      | Reached skill level 8 in Maces & Flails
  9411 | D:7      | Noticed Dowan
  9411 | D:7      | Noticed Duvessa
  9420 | D:7      | Noticed Duvessa
  9420 | D:7      | Duvessa changed into Duvessa the centaur
  9427 | D:7      | Noticed Dowan
  9427 | D:7      | Dowan changed into Dowan the worm
  9432 | D:7      | Killed Duvessa the centaur
  9439 | D:7      | Killed Dowan the worm
  9567 | D:7      | Found a radiant altar of Vehumet.
  9622 | D:7      | Reached skill level 1 in Evocations
  9700 | D:7      | Killed Harold
  9989 | D:7      | Found a large runed translucent door.
  9990 | D:7      | Found a large runed translucent door.
  9992 | D:7      | Noticed AverageBear's ghost (novice DDFi)
 10000 | D:7      | Noticed Joseph
 10022 | D:7      | Killed Joseph
 10023 | D:7      | Reached skill level 9 in Maces & Flails
 10384 | D:7      | Found a runed translucent door.
 10385 | D:7      | Noticed Crazy Yiuf
 10462 | D:8      | Noticed Grum
 10545 | D:8      | Upgraded the game from 0.28.0-45-g0d030f2227 to
                  | 0.28.0-47-ge53b351184
 10846 | D:8      | Reached XP level 10. HP: 52/61 MP: 10/10
 10886 | D:8      | Killed Grum
 10945 | D:8      | Found a flagged portal.
 10954 | D:8      | Mangled by an orc warrior

Illustrated notes

Levels and vault maps discovered:
D:1:      dpeg_arrival_simpleton_c, layout_basic, hex_medium
D:2:      layout_basic
D:3:      layout_rooms, grunt_temple_overflow_open, nzn_hepliaklqana_mist_gate,
          kennysheep_generic_room_12
D:4:      layout_loops_corners, uniq_natasha
D:5:      layout_cave_pools, serial_undead, serial_undead_d, serial_undead_f,
          serial_undead_a, serial_undead_f, serial_undead_e,
          ebering_ghost_sewer_f, hangedman_decor_riveting,
          kennysheep_generic_room_14
D:6:      cheibrodos_helix_gallery, layout_rooms, minmay_temple_entry_offerings,
          abandoned_shop, grunt_ministairs_14, corner_web_ring
D:7:      layout_basic, vehumet_altar_wand_db, ebering_ghost_disaster_area,
          uniq_crazy_yiuf_cottage, uniq_duvessa, uniq_joseph, uniq_harold
D:8:      layout_gridville, enter_bailey_4, uniq_grum, uniq_maggie

Skill      XL: |  1  2  3  4  5  6  7  8  9 10 |
---------------+-------------------------------+-----
Armour         | 4 6 8 |  8.1
Maces & Flails | 3 4 5 6 7 9 |  9.7
Fighting       | 4 5 6 7 |  7.1
Shields        | 4 5 6 |  6.4
Evocations     | 2 |  2.1
Throwing       | |  0.5
Stealth        | |  0.1

Action                   |  1- 3 |  4- 6 |  7- 9 | 10-12 || total
-------------------------+-------+-------+-------+-------++-------
Melee: Flail             |   146 |   174 |   332 |    50 ||   702
Throw: Dart              |       |       |     1 |     3 ||     4
       Throwing net      |       |       |     1 |     1 ||     2
Evoke: Wand              |       |       |    21 |     1 ||    22
  Use: Potion            |       |     1 |     7 |     5 ||    13
       Scroll            |       |       |    11 |     2 ||    13
 Stab: Invisible         |       |       |     1 |     1 ||     2
Armor: Scale mail        |    81 |    40 |       |       ||   121
       Ring mail         |       |    59 |   261 |    51 ||   371
       Skin              |       |       |     8 |       ||     8
Dodge: Dodged            |    72 |    91 |   228 |    47 ||   438
Block: Buckler           |    28 |    40 |    95 |    21 ||   184
